 Dungeon Crawl Stone Soup version 0.19.1 (webtiles) character file.

1288 Peloso the Slasher (level 8, -16/68 (69) HPs)
             Began as a Ghoul Fighter on Dec 8, 2016.
             Demolished by an orc warrior
             ... wielding a +0 halberd
              (22 damage)
             ... on level 6 of the Dungeon.
             The game lasted 00:16:16 (6383 turns).

Peloso the Slasher (Ghoul Fighter)                  Turns: 6383, Time: 00:16:17

HP:   -16/68 (69)   AC: 12    Str: 20    XL:     8   Next: 55%
MP:   7/7           EV:  6    Int:  3    God:
Gold: 371           SH:  9    Dex: 10    Spells: 0 memorised, 7 levels left

rFire  . . .     SeeInvis .     a - +0 long sword
rCold  + . .     Gourm    .     y - +0 chain mail
rNeg   + + +     Faith    .     c - +0 shield
rPois  ∞         Spirit   .     z - +0 helmet
rElec  .         Reflect  .     q - +0 cloak
rCorr  .         Harm     .     (no gloves)
MR     .....                    (no boots)
Stlth  ..........               u - amulet of rage
                                (no ring)
                                (no ring)

@: rotting
A: rotting body, claws 1, carnivore 3, cold resistance 1, negative energy
resistance 3, slow regeneration 1, torment resistance, unbreathing
a: no special abilities


You were on level 6 of the Dungeon.
You were not hungry.

You visited 1 branch of the dungeon, and saw 6 of its levels.

You collected 371 gold pieces.

Inventory:

Hand Weapons
 a - a +0 long sword (weapon)
 k - a cursed -3 dagger
Armour
 c - a +0 shield (worn)
 q - a +0 cloak (worn)
 y - a +0 chain mail (worn)
 z - a +0 helmet (worn)
Jewellery
 u - an amulet of rage (around neck)
Wands
 x - a wand of acid (4/15)
Scrolls
 e - 7 scrolls of teleportation
 l - a scroll of enchant weapon {unknown}
 s - a scroll of amnesia {unknown}
 t - 2 scrolls of immolation {unknown}
 v - a scroll of remove curse {unknown}
 A - a scroll of enchant armour {unknown}
 B - a scroll of blinking {unknown}
Potions
 b - a potion of invisibility {unknown}
 d - 3 potions of heal wounds
 h - a potion of flight
 i - 2 potions of lignification {unknown}
 j - a potion of agility
 m - a potion of brilliance
 n - a potion of cure mutation {unknown}
 o - a potion of mutation {unknown}
 p - 7 potions of curing {unknown}
 r - a potion of haste {unknown}
 w - a potion of magic {unknown}
Comestibles
 f - 2 meat rations
 g - a beef jerky


   Skills:
 + Level 5.4 Fighting
 + Level 6.0 Long Blades
 + Level 4.7 Armour
 + Level 2.1 Dodging
 + Level 1.0 Stealth
 + Level 4.7 Shields


You had 7 spell levels left.
You didn't know any spells.

Dungeon Overview and Level Annotations

Branches:
Dungeon (6/15)
 Temple: D:4-7

Altars:
Fedhas
Gozag
Nemelex Xobeh
Qazlal
Ru
Zin

Annotations:
D:6 Perturabo's ghost, novice HOFi


Innate Abilities, Weirdness & Mutations

Your body is rotting away.
You thrive on raw meat.
You are immune to poison.
You have sharp fingernails.
You are carnivorous and can eat meat at any time.
Your flesh is cold resistant. (rC+)
You are immune to negative energy. (rN+++)
You regenerate slowly when monsters are visible.
You are immune to unholy pain and torment.
You can survive without breathing.


Message History

The orc warrior is severely wounded.
The orc warrior hits you with a halberd!
Your shield and chain mail prevent you from hitting the orc warrior.
The orc warrior is severely wounded.
The orc warrior hits you with a halberd!
You closely miss the orc warrior.
The orc warrior is severely wounded.
The orc warrior barely misses you.
You riposte.
You hit the orc warrior.
The orc warrior is severely wounded.
You hit the orc warrior.
The orc warrior is almost dead.
The orc warrior hits you with a halberd!!
* * * LOW HITPOINT WARNING * * *
Your shield and chain mail prevent you from hitting the orc warrior.
The orc warrior is almost dead.
You block the orc warrior's attack.
You hit the orc warrior but do no damage.
The orc warrior is almost dead.
The orc warrior hits you with a halberd!!
You die...

............#
###+#
............#
#...#
............#
#...#
../.........#
#...# ..........#
#...# ..........#
#...#
#.o..#######...#
#.@..#.........#
#....#........(#
#.(..#.........#
#.(..'.........#
##....##.##.##.)#
#......#.##.#####
#......#....'...#
#..<...'....#...#
#......#....#...#


You could see an orc warrior.

Vanquished Creatures
  A phantom (D:4)
  2 ogres (D:5)
  A centaur (D:5)
  A scorpion (D:4)
  A howler monkey (D:4)
  2 bullfrog zombies
  A centaur zombie (D:5)
  5 hounds (D:4)
  An orc wizard (D:5)
  Crazy Yiuf (D:3)
  2 orc priests (D:5)
  Ijyb (D:3)
  Terence (D:3)
  2 iguanas
  3 worker ants
  A howler monkey zombie (D:5)
  10 gnolls
  7 adders
  3 shadow imps (D:5)
  An ooze (D:3)
  5 worms
  2 dart slugs
  2 leopard geckos
  11 orcs
  7 bats
  3 giant cockroaches
  12 goblins
  17 hobgoblins
  14 jackals
  3 quokkas
  A ball python (D:5)
  4 frilled lizards
  5 kobolds
  A leopard gecko skeleton (D:4)
  A quokka zombie (D:5)
  4 rats
139 creatures vanquished.

Notes
Turn   | Place    | Note
-------+----------+-------------------------------------------
     0 | D:1      | Peloso the Ghoul Fighter began the quest for the Orb.
     0 | D:1      | Reached XP level 1. HP: 19/19 MP: 0/0
    92 | D:1      | Reached XP level 2. HP: 17/26 MP: 1/1
   624 | D:1      | Reached skill level 2 in Long Blades
   676 | D:1      | Reached XP level 3. HP: 14/30 MP: 2/2
   954 | D:2      | Reached XP level 4. HP: 39/40 MP: 3/3
  1259 | D:2      | Reached skill level 1 in Stealth
  1505 | D:3      | Noticed Terence
  1507 | D:3      | Noticed Ijyb
  1527 | D:3      | Killed Terence
  1542 | D:3      | Killed Ijyb
  1542 | D:3      | Reached XP level 5. HP: 11/46 MP: 4/4
  1884 | D:3      | Reached skill level 1 in Dodging
  2314 | D:3      | Found a runed door.
  2416 | D:3      | Reached skill level 3 in Long Blades
  2466 | D:3      | Reached XP level 6. HP: 36/52 MP: 5/5
  2757 | D:3      | Found a stormy altar of Qazlal.
  2828 | D:3      | Found a faded altar of an unknown god.
  2884 | D:3      | Found an opulent altar of Gozag.
  3057 | D:3      | Noticed Crazy Yiuf
  3073 | D:3      | Killed Crazy Yiuf
  3357 | D:4      | Reached XP level 7. HP: 26/59 MP: 6/6
  3634 | D:4      | Found a sparkling altar of Nemelex Xobeh.
  3700 | D:4      | Reached skill level 4 in Long Blades
  3818 | D:4      | Found a sacrificial altar of Ru.
  3818 | D:4      | Found a sparkling altar of Nemelex Xobeh.
  4470 | D:5      | Entered Level 5 of the Dungeon
  4576 | D:5      | Reached skill level 5 in Fighting
  4576 | D:5      | Reached skill level 5 in Long Blades
  4576 | D:5      | Reached XP level 8. HP: 18/67 MP: 7/7
  4793 | D:5      | Found a blossoming altar of Fedhas.
  5539 | D:6      | Found a glowing silver altar of Zin.
  5606 | D:6      | Noticed Perturabo's ghost (novice HOFi)
  6286 | D:5      | Reached skill level 6 in Long Blades
  6383 | D:6      | Demolished by an orc warrior

Skill      XL: |  1  2  3  4  5  6  7  8 |
---------------+-------------------------+-----
Shields        | 3 4 |  4.7
Long Blades    | 2 3 5 6 |  6.0
Armour         | 3 4 |  4.7
Stealth        | 1 |  1.0
Dodging        | 1 2 |  2.1
Fighting       | 4 5 |  5.4

Action                   |  1- 3 |  4- 6 |  7- 9 || total
-------------------------+-------+-------+-------++-------
Melee: Long sword        |   101 |   300 |   319 ||   720
  Use: Potion            |       |     2 |       ||     2
       Scroll            |       |       |     5 ||     5
  Eat: Chunk             |     3 |     6 |    22 ||    31
Armor: Scale mail        |    59 |   122 |    63 ||   244
       Chain mail        |       |       |    46 ||    46
Dodge: Dodged            |    52 |   102 |    82 ||   236
Block: Shield            |    67 |   138 |   146 ||   351
       Rpst.: Long sword |    14 |    39 |    30 ||    83
